Winsalot, chaotic male human Monk ---------- `###.........| |.^^.....| ---------------- #.........| |..............| ###|........| #+..............|#########.........| ###|...............####### |........| # |....>......{..|# ---------- ## ### ----------------# ############c@###%######)##%### ## ### --------.- # #-.....`..+### |<.......| |....*...| |........| ---------- Winsalot the Initiate Experience level: 9 Strength: 17 Dexterity: 14 Constitution: 17 Intelligence: 11 Wisdom: 16 Charisma: 8 Health: 62(63) Energy: 69(69) Def: 9 Gold: 1383 Moves: 9035 Dungeon seed: ZkLRBRRUR3Qo0wTH Game ID: Winsalot_1528043786 Your Inventory: Coins $ - 1383 gold pieces Amulets U - a cursed amulet of reflection (being worn) Armor q - an uncursed +3 dwarvish iron helm of aggravate monster (being worn) r - a blessed +3 pair of kicking boots (being worn) w - an uncursed +0 orcish helm of warning z - an uncursed +0 pair of fumble boots N - an uncursed +0 dwarvish cloak of carrying (being worn) Comestibles d - 4 uncursed food rations v - 2 uncursed female lizard corpses E - an uncursed sprig of wolfsbane Scrolls l - a cursed scroll of enchant weapon m - an uncursed scroll of charging I - a cursed scroll of remove curse J - a cursed scroll of genocide L - an uncursed scroll of destroy armor R - 2 uncursed scrolls of teleportation Potions j - an uncursed potion of booze t - an uncursed potion of water O - an uncursed potion of water P - an uncursed potion of paralysis T - an uncursed potion of confusion V - a cursed potion of gain level Rings Q - an uncursed +2 ring of gain constitution (on left hand) S - a cursed ring of protection from shape changers Wands c - an uncursed wand of probing (0:4) e - an uncursed wand of summoning (0:5) F - an uncursed wand of nothing (0:3) G - an uncursed wand of magic missile (0:5) W - an uncursed wand of striking (0:0) Z - an uncursed wand of cold (0:1) Tools f - an uncursed pair of lenses g - 6 uncursed tallow candles (0:200) h - an uncursed magic lamp (lit) i - an uncursed oil lamp (0:1125) k - an uncursed +0 unicorn horn u - an uncursed oil lamp (0:1163) B - an uncursed leather drum C - an uncursed blindfold H - an uncursed tin opener (alternate weapon; not wielded) M - an uncursed wax candle (0:400) X - an uncursed figurine of a female balrog Gems y - an uncursed luckstone named luck maybe Spells and supernatural/magical abilities: Name Level Category Cost Memory d - dig 2 matter 47pw 2% n - detect monsters 1 divination 17pw 91% o - cone of cold 4 attack 4000pw 84% p - protection 1 clerical 17pw 7% z - sleep 1 enchantment 17pw 65% W - pray for help -- divine ? -- Your skills at the end: Fighting Skills martial arts [Master] wands [Basic] Weapon Skills Spellcasting Skills healing spells [Basic] clerical spells [Basic] Final Attributes: You were piously aligned. You were immune to sleep. You were poison resistant. You saw invisible. You were telepathic. You were warned. You had automatic searching. You were visible. You were stealthy. You aggravated monsters. You were fast. You had reflection. You were very lucky. You had extra luck. Bad luck did not time out for you. Good luck did not time out for you. You last prayed 5340 turns ago. Huan Ti favoured you very deeply. You are dead. Vanquished creatures: 2 giant mimics a long worm a stalker an earth elemental a black naga 2 small mimics a glass piercer an ettin mummy an ogre lord 2 quantum mechanics a troll a gelatinous cube a shocking sphere a dwarf king a mountain centaur a python a horned devil an incubus 2 chameleons a winter wolf cub a leprechaun 2 orc-captains a mumak 2 giant spiders a horse an ice vortex 3 gnome kings an orc mummy a brown pudding an owlbear 3 lizards 3 chickatrices a dingo a housecat a jaguar a white unicorn a gnome mummy an ape 4 bugbears a wood nymph a mountain nymph 18 Mordor orcs 13 orc shamans a rock piercer 3 ponies a fog cloud a yellow light 15 gnome lords 5 gnomish wizards a kobold mummy a black naga hatchling a golden naga hatchling a gray ooze a barrow wight a straw golem a paper golem 2 giant ants 2 little dogs 3 floating eyes a kitten 19 dwarves a homunculus a kobold lord a kobold shaman 14 hill orcs a rothe a rabid rat a centipede a giant bat a monkey 4 orc zombies 3 iguanas 23 killer bees 2 acid blobs 5 coyotes a gas spore 5 hobbits 12 hobgoblins 12 giant rats a cave spider a yellow mold a red mold 46 gnomes 3 gnome zombies 5 geckos 9 jackals 3 foxes 5 goblins 5 sewer rats 12 grid bugs a bat a lichen 4 newts 333 creatures vanquished. Voluntary challenges: You had followed a strict vegetarian diet until turn 4749. You never hit with a wielded weapon. You read items or engraved 56 times, starting on turn 1027. You never genocided any monsters. You never polymorphed an object. You never changed form. You used no wishes. You never split a pudding. You never wrote Elbereth's name. You violated your moral code, losing 34 points of alignment, starting on turn 4749. Dungeon overview: The Dungeons of Doom: levels 1 to 14 Level 1 a sink a long staircase Level 2 an armor shop, some fountains Level 3 a fountain Level 4 a fountain stairs to The Gnomish Mines Level 5 Level 6 Level 7 a fountain, a vault stairs to Sokoban Level 8 a general store Level 9 a general store, a vault Level 10 an altar to Huan Ti Level 11 a temple to Shan Lai Ching, a fountain, a vault Level 12 Level 13 some fountains Level 14 <- You were here a fountain The Gnomish Mines: levels 5 to 12 Level 5 stairs to The Dungeons of Doom Level 6 Level 7 Level 8 many shops, a temple to Shan Lai Ching, some fountains Level 9 Level 10 Level 11 Level 12 many altars to Huan Ti and Moloch, some fountains Sokoban: levels 3 to 6 Level 3 Level 4 Level 5 Level 6 Solved stairs to The Dungeons of Doom History has recorded: On T:1 you entered the Dungeons of Doom to retrieve the Amulet of Yendor! On T:253 you reached level 2 of The Dungeons of Doom. On T:552 you reached level 3 of The Dungeons of Doom. On T:683 you reached level 4 of The Dungeons of Doom. On T:753 you reached level 1 of The Gnomish Mines. On T:753 you advanced to experience level 2. On T:767 you advanced to experience level 3. On T:791 you advanced to experience level 4. On T:878 you advanced to experience level 5. On T:977 you advanced to experience level 6. On T:1037 you reached level 2 of The Gnomish Mines. On T:1095 you reached level 3 of The Gnomish Mines. On T:1140 you advanced to experience level 7. On T:1241 you reached level 4 of The Gnomish Mines. On T:1717 you reached level 5 of The Gnomish Mines. On T:1888 you reached level 6 of The Gnomish Mines. On T:2006 you advanced to experience level 8. On T:2226 you reached level 7 of The Gnomish Mines. On T:2465 you reached level 8 of The Gnomish Mines. On T:2783 you advanced to experience level 9. On T:4123 you reached level 5 of The Dungeons of Doom. On T:4203 you reached level 7 of The Dungeons of Doom. On T:4240 you reached level 4 of Sokoban. On T:4518 you reached level 3 of Sokoban. On T:5494 you reached level 2 of Sokoban. On T:5916 you reached level 1 of Sokoban. On T:6943 you advanced to experience level 10. On T:7020 you reached level 6 of The Dungeons of Doom. On T:7099 you reached level 8 of The Dungeons of Doom. On T:7481 you reached level 9 of The Dungeons of Doom. On T:7745 you reached level 10 of The Dungeons of Doom. On T:8038 you reached level 11 of The Dungeons of Doom. On T:8252 you reached level 12 of The Dungeons of Doom. On T:8780 you reached level 13 of The Dungeons of Doom. On T:8930 you reached level 14 of The Dungeons of Doom. Score breakdown: Gold: 1383 (10685 points) Experience: 9 levels (15756 points) Exploration: 14 levels ( 28.57%) (15612 points) Discoveries: 37 items ( 13.03%) (10828 points) Valuables value: (no points given unless you survive) Artifact value: 0 ( 0 points) Variety of kills: 93 monsters ( 24.47%) (14841 points) Turncount: 9035 turns (-2228 points) Survival: died (score multiplied by 80%) Total score: 52395 Latest messages: You start to float in the air! It must be a potion of levitation. You hit the hill orc! You kill the hill orc! You float gently to the ground. R - an uncursed scroll of teleportation. There are a few more objects here. You stop exploring. You kill the giant rat! You hear bubbling water. You stop exploring. You find an arrow trap. You stop exploring. You find an anti-magic field. $ - 287 gold pieces. This door is locked. You have nothing to unlock that with. This door is locked. As you kick the door, it crashes open! You stop exploring. The cockatrice bites! The cockatrice misses. You hit the cockatrice! You turn to stone... Final status: Goodbye Winsalot the Monk, petrified by punching a cockatrice barehanded... You turned to stone in The Dungeons of Doom on dungeon level 14 with 52395 points, and 1383 pieces of gold, after 9035 moves. You were level 9 with a maximum of 63 hit points when you turned to stone.